Coyotes vs Flames

Created - February 2, 2023 at 17:29

Goals
1 2 3 T
Coyotes 3 2 1 6
Flames 1 1 0 2
Shots
1 2 3 T
Coyotes 8 8 14 30
Flames 15 14 18 47

GoalsPenalties
1st period
1. Flames , Phillip Danault 9 (Devon Toews 15) at 6:48
2. Coyotes , Kirill Kaprizov 6 (Nikita Kucherov 19, Charlie McAvoy 28) at 13:57
3. Coyotes , Thomas Chabot 2 (Kevin Hayes 6, Nikita Kucherov 20) at 16:19 (PP)
4. Coyotes , Leon Draisaitl 10 (Kevin Hayes 7, Thomas Chabot 8) at 17:12
Slater Koekkoek (ARI) for Roughing (Minor) at 1:51
Jaccob Slavin (CGY) for Holding (Minor) at 15:43
2nd period
5. Flames , Devon Toews 5 (Pavel Buchnevich 11, Bo Horvat 11) at 6:54 (PP)
6. Coyotes , Kirill Kaprizov 7 (Pierre-Luc Dubois 16, Nikita Kucherov 21) at 11:59
7. Coyotes , Blake Coleman 7 (Barclay Goodrow 5, Oskar Sundqvist 5) at 13:25
Danny DeKeyser (CGY) for Hooking (Minor) at 4:16
Slater Koekkoek (ARI) for High sticking (Minor) at 6:24
Blake Coleman (ARI) for Holding (Minor) at 8:17
3rd period
8. Coyotes , Nikita Kucherov 11 (Charlie McAvoy 29, Kirill Kaprizov 7) at 2:07
Brady Skjei (CGY) for Hooking (Minor) at 11:45
Marc Staal (CGY) for Roughing (Minor) at 18:28
Goalie Stats
Kaapo Kahkonen (ARI), 45 saves from 47 shots - (0.957), W, 5-3-3, 60:00 minutes
Casey DeSmith (CGY), 9 saves from 9 shots - (1.000), 17:53 minutes
Philipp Grubauer (CGY), 15 saves from 21 shots - (0.714), L, 12-7-0, 42:07 minutes
3 StarsOfficial
1 - Kirill Kaprizov (ARI)
2 - Nikita Kucherov (ARI)
3 - Kaapo Kahkonen (ARI)
Referees : Andrew Howard and Mike Duco
Linesman : Brandon Gawryletz and Derek Wahl
Game Note
Casey DeSmith enters game at 2:07 of 3rd period
Finance
Level 1 -- Attendance: 5658 (94.30%) -- Ticket Income $973,176
Level 2 -- Attendance: 4644 (92.88%) -- Ticket Income $566,568
Level 3 -- Attendance: 3578 (89.45%) -- Ticket Income $339,910
Level 4 -- Attendance: 3000 (100.00%) -- Ticket Income $213,000
Luxury Box -- Attendance: 990 (99.00%) -- Ticket Income $252,450
Game was played at the Pengrowth Saddledome.
Total Attendance: 17870 (94.05%)
Total Ticket Income: $2,345,104
Total Income: $2,345,104



Team Name Goals Shots Shots Attemp Shots Blocked PIM HIT PP PK FO%
Coyotes 63051156241 / 4 (25%)163%
Flames 2479238181 / 3 (33%)138%

Coyotes
Player Name POS G A P +/- PIM HIT SHT SB MP PP MP PP SHT PK MP PK SHT FO% FOT
Barclay GoodrowC/LW0111022010:220:0000:00075% 12
Blake ColemanC/LW/RW1011201010:210:0000:0000% 0
Charlie McAvoyD0223040125:092:2402:3800% 0
Cody CeciD0003011625:383:4111:5000% 0
Ilya MikheyevLW/RW0001013020:333:2732:3500% 1
Jesper FastRW000000107:150:0001:4200% 0
Kevin HayesC/LW/RW0221002019:522:3812:43170% 10
Kirill KaprizovLW/RW2132008022:313:2710:030100% 1
Leon DraisaitlC/LW/RW1011014117:583:2710:00068% 22
Libor HajekD0001010012:500:0000:4800% 0
Nico SturmC000000025:360:0000:03044% 9
Nikita KucherovRW1342003021:392:3810:0000% 1
Oskar SundqvistLW/RW0111010010:300:0000:0800% 1
Pierre-Luc DuboisC/LW0112020023:212:3801:42061% 31
Riley SheahanC/LW/RW000000105:330:0000:0000% 0
Sean DurziD0000031421:322:2401:5000% 0
Slater KoekkoekD0001460112:000:0000:0000% 0
Thomas ChabotD1120023022:493:4131:5000% 0
Flames
Player Name POS G A P +/- PIM HIT SHT SB MP PP MP PP SHT PK MP PK SHT FO% FOT
Adam LowryC/LW000-102205:290:0000:34040% 5
Andre BurakovskyLW/RW000-1003013:190:4200:2700% 1
Bo HorvatC011-2028019:322:2910:54050% 20
Brady SkjeiD000-2211023:122:2602:3800% 0
Bryan RustLW/RW000-1001012:100:0000:0000% 1
Danny DeKeyserD000-2231019:010:0001:4000% 0
David PerronLW/RW000-2004018:081:5920:0000% 2
Devon ToewsD1120001020:022:0213:5500% 0
Dylan LarkinC0000024018:572:2610:18032% 25
Jaccob SlavinD000-2203022:162:2600:4300% 0
Jason RobertsonLW0000003019:323:1910:0000% 1
Logan StanleyD0000030114:250:0000:2000% 0
Marc StaalD000-2213021:002:0202:5400% 0
Matthew NietoLW/RW000-100309:400:0004:4500% 2
Pavel BuchnevichLW/RW0110002219:162:2900:3400% 3
Phillip DanaultC/LW101-1011016:480:0004:38048% 27
Rasmus AsplundC/LW/RW000-100304:550:0000:0000% 1
Tom WilsonRW000-2034016:090:0000:0000% 0

Coyotes

5 vs 5 Forward
Line #Left WingCenterRight WingPHYDFOFWanted %Time %Time Play
1Kirill KaprizovPierre-Luc DuboisNikita Kucherov0234538%19:01
2Ilya MikheyevLeon DraisaitlKevin Hayes0233529%14:31
3Oskar SundqvistBarclay GoodrowBlake Coleman2121521%10:22
4Riley SheahanNico SturmJesper Fast122511%5:33
5 vs 5 Defense
Line #DefenseDefensePHYDFOFWanted %Time %Time Play
1Charlie McAvoyCody Ceci1224541%20:07
2Thomas ChabotSean Durzi1224035%17:18
3Slater KoekkoekLibor Hajek1311524%12:02
4Charlie McAvoyCody Ceci04100%0:00
Power Play Forward
Line #Left WingCenterRight WingPHYDFOFWanted %Time %Time Play
1Kirill KaprizovLeon DraisaitlIlya Mikheyev1135057%3:27
2Kevin HayesPierre-Luc DuboisNikita Kucherov1135043%2:38
Power Play Defense
Line #DefenseDefensePHYDFOFWanted %Time %Time Play
1Charlie McAvoySean Durzi0236039%2:24
2Cody CeciThomas Chabot0234061%3:41
Penalty Kill 4 Players Forward
Line #CenterWingPHYDFOFWanted %Time %Time Play
1Kevin HayesIlya Mikheyev1316062%2:46
2Pierre-Luc DuboisJesper Fast1314038%1:42
Penalty Kill 4 Players Defense
Line #DefenseDefensePHYDFOFWanted %Time %Time Play
1Charlie McAvoyThomas Chabot1316059%2:38
2Cody CeciSean Durzi1314041%1:50
Penalty Kill 3 Players
Line #WingPHYDFOFWanted %Time %Time PlayDefenseDefensePHYDFOFWanted %Time %Time Play
1Kevin Hayes131600%0:00 Charlie McAvoyThomas Chabot131600%0:00
2Ilya Mikheyev131400%0:00 Cody CeciSean Durzi131400%0:00
4 vs 4 Forward
Line #CenterWingPHYDFOFWanted %Time %Time Play
1Leon DraisaitlKirill Kaprizov122600%0:00
2Pierre-Luc DuboisNikita Kucherov122400%0:00
4 vs 4 Defense
Line #DefensePHYDFOFWanted %Time %Time Play
1Charlie McAvoyThomas Chabot122600%0:00
2Sean DurziCody Ceci122400%0:00
Last Minutes Offensive
Left WingCenterRight WingDefenseDefense
Kirill KaprizovLeon DraisaitlNikita KucherovCharlie McAvoyCody Ceci
Last Minutes Defensive
Left WingCenterRight WingDefenseDefense
Leon DraisaitlKevin HayesNikita KucherovCharlie McAvoyCody Ceci
Time
Total ForwardTotal DefenseLast Minutes OffensiveLast Minutes Defensive
60:00 60:00 0:000:00
Extra Forwards
Normal PowerPlayPenalty Kill
Leon Draisaitl, Nikita Kucherov, Kevin HayesLeon Draisaitl, Nikita KucherovKevin Hayes
Extra Defensemen
Normal PowerPlayPenalty Kill
Charlie McAvoy, Cody Ceci, Thomas ChabotCharlie McAvoy, Charlie McAvoyCody Ceci
Penalty Shots
Ilya Mikheyev, Nikita Kucherov, Kevin Hayes, Leon Draisaitl, Charlie McAvoy
Goalie
Kaapo Kahkonen, Troy Grosenick
Custom OT Lines Forwards
Leon Draisaitl, Nikita Kucherov, Ilya Mikheyev, Pierre-Luc Dubois, Barclay Goodrow, Kevin Hayes, Kirill Kaprizov, Oskar Sundqvist, Blake Coleman, Nico Sturm
Custom OT Lines Defensemen
Charlie McAvoy, Cody Ceci, Sean Durzi, Thomas Chabot, Libor Hajek
Scratches
Christian Fischer (Healthy), Ethan Bear (Fractured Orbital Bone Injury), Oliver Ekman-Larsson (Healthy), Antti Raanta (Healthy)

Flames

5 vs 5 Forward
Line #Left WingCenterRight WingPHYDFOFWanted %Time %Time Play
1Jason RobertsonDylan LarkinPavel Buchnevich0053533%16:13
2David PerronBo HorvatTom Wilson0053533%16:09
3Andre BurakovskyPhillip DanaultBryan Rust0052525%12:10
4Rasmus AsplundAdam LowryMatthew Nieto005510%4:55
5 vs 5 Defense
Line #DefenseDefensePHYDFOFWanted %Time %Time Play
1Brady SkjeiMarc Staal0053932%15:50
2Jaccob SlavinDanny DeKeyser0053835%17:22
3Logan StanleyDevon Toews0051328%14:05
4Brady SkjeiJaccob Slavin005104%2:10
Power Play Forward
Line #Left WingCenterRight WingPHYDFOFWanted %Time %Time Play
1Jason RobertsonDylan LarkinDavid Perron0056044%1:59
2Jason RobertsonBo HorvatPavel Buchnevich0054056%2:29
Power Play Defense
Line #DefenseDefensePHYDFOFWanted %Time %Time Play
1Brady SkjeiJaccob Slavin0058054%2:26
2Marc StaalDevon Toews0052046%2:02
Penalty Kill 4 Players Forward
Line #CenterWingPHYDFOFWanted %Time %Time Play
1Phillip DanaultMatthew Nieto0507091%5:31
2Adam LowryPavel Buchnevich050309%0:34
Penalty Kill 4 Players Defense
Line #DefenseDefensePHYDFOFWanted %Time %Time Play
1Marc StaalBrady Skjei0506058%3:32
2Danny DeKeyserDevon Toews0504042%2:33
Penalty Kill 3 Players
Line #WingPHYDFOFWanted %Time %Time PlayDefenseDefensePHYDFOFWanted %Time %Time Play
1Phillip Danault050720%0:00 Devon ToewsBrady Skjei050600%0:00
2Adam Lowry050280%0:00 Marc StaalDanny DeKeyser050400%0:00
4 vs 4 Forward
Line #CenterWingPHYDFOFWanted %Time %Time Play
1Dylan LarkinPavel Buchnevich122600%0:00
2Bo HorvatPhillip Danault122400%0:00
4 vs 4 Defense
Line #DefensePHYDFOFWanted %Time %Time Play
1Marc StaalBrady Skjei122600%0:00
2Danny DeKeyserDevon Toews122400%0:00
Last Minutes Offensive
Left WingCenterRight WingDefenseDefense
Jason RobertsonDylan LarkinPavel BuchnevichBrady SkjeiMarc Staal
Last Minutes Defensive
Left WingCenterRight WingDefenseDefense
Adam LowryBo HorvatPhillip DanaultJaccob SlavinBrady Skjei
Time
Total ForwardTotal DefenseLast Minutes OffensiveLast Minutes Defensive
60:00 60:00 0:000:00
Extra Forwards
Normal PowerPlayPenalty Kill
Bo Horvat, Dylan Larkin, Phillip DanaultJason Robertson, Dylan LarkinBo Horvat
Extra Defensemen
Normal PowerPlayPenalty Kill
Brady Skjei, Jaccob Slavin, Devon ToewsDevon Toews, Devon ToewsDanny DeKeyser
Penalty Shots
David Perron, Phillip Danault, Jason Robertson, Bo Horvat, Dylan Larkin
Goalie
Philipp Grubauer, Casey DeSmith
Custom OT Lines Forwards
Dylan Larkin, Bo Horvat, Pavel Buchnevich, Matthew Nieto, David Perron, Tom Wilson, Phillip Danault, Bryan Rust, Jason Robertson, Adam Lowry
Custom OT Lines Defensemen
Marc Staal, Brady Skjei, Jaccob Slavin, Devon Toews, Bryan Rust
Scratches
Matt Benning (Back Surgery Injury)


Play-by-Play

1st period


0:01 of 1st period - Pierre-Luc Dubois wins face-off versus Dylan Larkin in neutral zone.
0:06 of 1st period - Icing by Brady Skjei.
0:07 of 1st period - Dylan Larkin wins face-off versus Leon Draisaitl in Flames zone.
0:14 of 1st period - Shot by Pavel Buchnevich.
0:14 of 1st period - Shot Blocked by Sean Durzi.
1:38 of 1st period - Shot by Bo Horvat.
1:38 of 1st period - Stopped by Kaapo Kahkonen without a rebound.
1:39 of 1st period - Barclay Goodrow wins face-off versus Andre Burakovsky in Coyotes zone.
1:50 of 1st period - Phillip Danault is hit by Slater Koekkoek and loses puck.
1:51 of 1st period - Minor Penalty to Slater Koekkoek for Roughing.
1:52 of 1st period - Dylan Larkin wins face-off versus Kevin Hayes in Coyotes zone.
2:11 of 1st period - Shot by Jason Robertson.
2:11 of 1st period - Stopped by Kaapo Kahkonen without a rebound.
2:12 of 1st period - Bo Horvat wins face-off versus Pierre-Luc Dubois in Coyotes zone.
2:35 of 1st period - Shot by Pavel Buchnevich.
2:35 of 1st period - Shot Misses the Net.
2:37 of 1st period - Shot by Bo Horvat.
2:37 of 1st period - Stopped by Kaapo Kahkonen without a rebound.
2:38 of 1st period - Pierre-Luc Dubois wins face-off versus Dylan Larkin in Coyotes zone.
3:01 of 1st period - Shot by Dylan Larkin.
3:01 of 1st period - Stopped by Kaapo Kahkonen with a rebound.
3:03 of 1st period - Shot by David Perron.
3:03 of 1st period - Stopped by Kaapo Kahkonen without a rebound.
3:04 of 1st period - Kevin Hayes wins face-off versus Bo Horvat in Coyotes zone.
3:19 of 1st period - Shot by Bo Horvat.
3:19 of 1st period - Shot Hit the Post.
3:26 of 1st period - Icing by Pavel Buchnevich.
3:27 of 1st period - Kevin Hayes wins face-off versus Bo Horvat in Flames zone.
3:49 of 1st period - Off-side.
3:50 of 1st period - Kevin Hayes wins face-off versus Dylan Larkin in neutral zone.
4:09 of 1st period - Shot by Nikita Kucherov.
4:09 of 1st period - Shot Misses the Net.
4:11 of 1st period - Shot by Pierre-Luc Dubois.
4:11 of 1st period - Shot Misses the Net.
4:13 of 1st period - Shot by Sean Durzi.
4:13 of 1st period - Stopped by Philipp Grubauer without a rebound.
4:14 of 1st period - Kevin Hayes wins face-off versus Adam Lowry in Flames zone.
5:59 of 1st period - Dylan Larkin is hit by Thomas Chabot and loses puck.
6:27 of 1st period - Shot by Jason Robertson.
6:27 of 1st period - Stopped by Kaapo Kahkonen with a rebound.
6:48 of 1st period - Shot by Phillip Danault.
6:48 of 1st period - Goal by Phillip Danault - Coyotes : 0 - Flames : 1.
6:49 of 1st period - Barclay Goodrow wins face-off versus Adam Lowry in neutral zone.
6:58 of 1st period - Slater Koekkoek is hit by Adam Lowry and loses puck.
7:15 of 1st period - Adam Lowry is hit by Barclay Goodrow and loses puck.
7:21 of 1st period - Jaccob Slavin is hit by Slater Koekkoek and loses puck.
8:20 of 1st period - Icing by Charlie McAvoy.
8:21 of 1st period - Phillip Danault wins face-off versus Leon Draisaitl in Coyotes zone.
8:29 of 1st period - Phillip Danault is hit by Charlie McAvoy and loses puck.
9:09 of 1st period - Thomas Chabot is hit by Danny DeKeyser and loses puck.
11:00 of 1st period - Icing by Logan Stanley.
11:01 of 1st period - Leon Draisaitl wins face-off versus Bo Horvat in Flames zone.
11:04 of 1st period - Shot by Leon Draisaitl.
11:04 of 1st period - Stopped by Philipp Grubauer with a rebound.
11:35 of 1st period - Icing by Thomas Chabot.
11:36 of 1st period - Dylan Larkin wins face-off versus Leon Draisaitl in Coyotes zone.
13:21 of 1st period - Off-side.
13:22 of 1st period - Barclay Goodrow wins face-off versus Rasmus Asplund in neutral zone.
13:37 of 1st period - Shot by Barclay Goodrow.
13:37 of 1st period - Shot Blocked by Logan Stanley.
13:40 of 1st period - Icing by Devon Toews.
13:41 of 1st period - Adam Lowry wins face-off versus Pierre-Luc Dubois in Flames zone.
13:41 of 1st period - Adam Lowry is hit by Pierre-Luc Dubois.
13:57 of 1st period - Shot by Kirill Kaprizov.
13:57 of 1st period - Goal by Kirill Kaprizov - Coyotes : 1 - Flames : 1.
13:58 of 1st period - Leon Draisaitl wins face-off versus Dylan Larkin in neutral zone.
14:07 of 1st period - Shot by Dylan Larkin.
14:07 of 1st period - Shot Misses the Net.
14:09 of 1st period - Shot by Brady Skjei.
14:09 of 1st period - Stopped by Kaapo Kahkonen without a rebound.
14:10 of 1st period - Pierre-Luc Dubois wins face-off versus Bo Horvat in Coyotes zone.
15:05 of 1st period - Shot by Dylan Larkin.
15:05 of 1st period - Shot Misses the Net.
15:07 of 1st period - Shot by Jaccob Slavin.
15:07 of 1st period - Stopped by Kaapo Kahkonen without a rebound.
15:08 of 1st period - Phillip Danault wins face-off versus Leon Draisaitl in Coyotes zone.
15:23 of 1st period - Shot by Andre Burakovsky.
15:23 of 1st period - Stopped by Kaapo Kahkonen without a rebound.
15:24 of 1st period - Barclay Goodrow wins face-off versus Dylan Larkin in Coyotes zone.
15:28 of 1st period - Oskar Sundqvist is hit by Logan Stanley.
15:30 of 1st period - Shot by Barclay Goodrow.
15:30 of 1st period - Shot Blocked by Pavel Buchnevich.
15:42 of 1st period - Shot by Barclay Goodrow.
15:42 of 1st period - Stopped by Philipp Grubauer without a rebound.
15:43 of 1st period - Leon Draisaitl wins face-off versus Phillip Danault in Flames zone.
15:43 of 1st period - Minor Penalty to Jaccob Slavin for Holding.
15:44 of 1st period - Leon Draisaitl wins face-off versus Phillip Danault in Flames zone.
16:13 of 1st period - Shot by Ilya Mikheyev.
16:13 of 1st period - Stopped by Philipp Grubauer without a rebound.
16:14 of 1st period - Pierre-Luc Dubois wins face-off versus Phillip Danault in Flames zone.
16:19 of 1st period - Shot by Thomas Chabot.
16:19 of 1st period - Goal by Thomas Chabot - Coyotes : 2 - Flames : 1.
16:20 of 1st period - Barclay Goodrow wins face-off versus Pavel Buchnevich in neutral zone.
16:25 of 1st period - Jaccob Slavin is hit by Barclay Goodrow.
16:33 of 1st period - Shot by Dylan Larkin.
16:33 of 1st period - Stopped by Kaapo Kahkonen without a rebound.
16:34 of 1st period - Kirill Kaprizov wins face-off versus Bo Horvat in Coyotes zone.
16:55 of 1st period - Shot by Charlie McAvoy.
16:55 of 1st period - Shot Misses the Net.
17:01 of 1st period - Shot by David Perron.
17:01 of 1st period - Deflect By Bo Horvat.
17:01 of 1st period - Stopped by Kaapo Kahkonen without a rebound.
17:02 of 1st period - Leon Draisaitl wins face-off versus Phillip Danault in Coyotes zone.
17:12 of 1st period - Shot by Kevin Hayes.
17:12 of 1st period - Deflect By Leon Draisaitl.
17:12 of 1st period - Goal by Leon Draisaitl - Coyotes : 3 - Flames : 1.
17:13 of 1st period - Barclay Goodrow wins face-off versus Dylan Larkin in neutral zone.
18:11 of 1st period - Off-side.
18:12 of 1st period - Pierre-Luc Dubois wins face-off versus Phillip Danault in neutral zone.
18:15 of 1st period - Shot by Kirill Kaprizov.
18:15 of 1st period - Stopped by Philipp Grubauer without a rebound.
18:16 of 1st period - Phillip Danault wins face-off versus Pierre-Luc Dubois in Flames zone.
18:35 of 1st period - Icing by Brady Skjei.
18:36 of 1st period - Leon Draisaitl wins face-off versus Phillip Danault in Flames zone.
18:36 of 1st period - Kevin Hayes is hit by Marc Staal.
18:48 of 1st period - Andre Burakovsky is hit by Slater Koekkoek and loses puck.
18:55 of 1st period - Shot by Bryan Rust.
18:55 of 1st period - Stopped by Kaapo Kahkonen with a rebound.
19:24 of 1st period - Shot by Bo Horvat.
19:24 of 1st period - Stopped by Kaapo Kahkonen with a rebound.
19:30 of 1st period - Shot by Bo Horvat.
19:30 of 1st period - Stopped by Kaapo Kahkonen without a rebound.
19:31 of 1st period - Pierre-Luc Dubois wins face-off versus Dylan Larkin in Coyotes zone.
19:46 of 1st period - Shot by Pierre-Luc Dubois.
19:46 of 1st period - Shot Misses the Net.
Goals for this period are 3 for Coyotes vs 1 for Flames.
Shots for this period are 8 for Coyotes vs 15 for Flames.

2nd period


0:01 of 2nd period - Bo Horvat wins face-off versus Pierre-Luc Dubois in neutral zone.
0:08 of 2nd period - Shot by Bo Horvat.
0:08 of 2nd period - Shot Blocked by Charlie McAvoy.
0:10 of 2nd period - Shot by Marc Staal.
0:10 of 2nd period - Stopped by Kaapo Kahkonen without a rebound.
0:11 of 2nd period - Leon Draisaitl wins face-off versus Dylan Larkin in Coyotes zone.
0:16 of 2nd period - Danny DeKeyser is hit by Leon Draisaitl and loses puck.
0:37 of 2nd period - Shot by Dylan Larkin.
0:37 of 2nd period - Stopped by Kaapo Kahkonen without a rebound.
0:38 of 2nd period - Pierre-Luc Dubois wins face-off versus Bo Horvat in Coyotes zone.
0:38 of 2nd period - Pierre-Luc Dubois is hit by Tom Wilson.
0:46 of 2nd period - Shot by Kirill Kaprizov.
0:46 of 2nd period - Stopped by Philipp Grubauer without a rebound.
0:47 of 2nd period - Phillip Danault wins face-off versus Pierre-Luc Dubois in Flames zone.
0:54 of 2nd period - Shot by Andre Burakovsky.
0:54 of 2nd period - Stopped by Kaapo Kahkonen without a rebound.
0:55 of 2nd period - Bo Horvat wins face-off versus Pierre-Luc Dubois in Coyotes zone.
1:04 of 2nd period - Shot by Tom Wilson.
1:04 of 2nd period - Shot Blocked by Cody Ceci.
2:17 of 2nd period - Shot by Phillip Danault.
2:17 of 2nd period - Shot Misses the Net.
2:33 of 2nd period - Devon Toews is hit by Sean Durzi and loses puck.
2:56 of 2nd period - Shot by Dylan Larkin.
2:56 of 2nd period - Shot Blocked by Nico Sturm.
3:05 of 2nd period - Jason Robertson is hit by Slater Koekkoek and loses puck.
3:14 of 2nd period - Shot by Jesper Fast.
3:14 of 2nd period - Stopped by Philipp Grubauer with a rebound.
3:16 of 2nd period - Shot by Jesper Fast.
3:16 of 2nd period - Shot Misses the Net.
3:59 of 2nd period - Shot by Kirill Kaprizov.
3:59 of 2nd period - Stopped by Philipp Grubauer with a rebound.
4:01 of 2nd period - Shot by Pierre-Luc Dubois.
4:01 of 2nd period - Shot Misses the Net.
4:16 of 2nd period - Minor Penalty to Danny DeKeyser for Hooking.
4:17 of 2nd period - Leon Draisaitl wins face-off versus Phillip Danault in Flames zone.
4:24 of 2nd period - Shot by Kirill Kaprizov.
4:24 of 2nd period - Stopped by Philipp Grubauer with a rebound.
4:26 of 2nd period - Shot by Ilya Mikheyev.
4:26 of 2nd period - Stopped by Philipp Grubauer without a rebound.
4:27 of 2nd period - Phillip Danault wins face-off versus Pierre-Luc Dubois in Flames zone.
4:48 of 2nd period - Off-side.
4:49 of 2nd period - Phillip Danault wins face-off versus Leon Draisaitl in neutral zone.
5:08 of 2nd period - Shot by Kirill Kaprizov.
5:08 of 2nd period - Shot Misses the Net.
5:18 of 2nd period - Kirill Kaprizov is hit by Bo Horvat and loses puck.
6:23 of 2nd period - David Perron is hit by Libor Hajek.
6:24 of 2nd period - Minor Penalty to Slater Koekkoek for High sticking.
6:25 of 2nd period - Dylan Larkin wins face-off versus Pierre-Luc Dubois in Coyotes zone.
6:46 of 2nd period - Shot by David Perron.
6:46 of 2nd period - Stopped by Kaapo Kahkonen without a rebound.
6:47 of 2nd period - Bo Horvat wins face-off versus Kevin Hayes in Coyotes zone.
6:47 of 2nd period - Jason Robertson is hit by Charlie McAvoy and loses puck.
6:54 of 2nd period - Shot by Devon Toews.
6:54 of 2nd period - Goal by Devon Toews - Coyotes : 3 - Flames : 2.
6:55 of 2nd period - Phillip Danault wins face-off versus Barclay Goodrow in neutral zone.
7:03 of 2nd period - Shot by Andre Burakovsky.
7:03 of 2nd period - Stopped by Kaapo Kahkonen without a rebound.
7:04 of 2nd period - Phillip Danault wins face-off versus Nico Sturm in Coyotes zone.
7:04 of 2nd period - Danny DeKeyser is hit by Thomas Chabot and loses puck.
7:09 of 2nd period - Shot by Bryan Rust.
7:09 of 2nd period - Shot Misses the Net.
7:11 of 2nd period - Shot by Jaccob Slavin.
7:11 of 2nd period - Shot Misses the Net.
7:13 of 2nd period - Shot by Andre Burakovsky.
7:13 of 2nd period - Shot Misses the Net.
7:15 of 2nd period - Shot by Andre Burakovsky.
7:15 of 2nd period - Shot Misses the Net.
7:17 of 2nd period - Shot by Phillip Danault.
7:17 of 2nd period - Shot Blocked by Nico Sturm.
7:19 of 2nd period - Shot by Phillip Danault.
7:19 of 2nd period - Shot Misses the Net.
7:41 of 2nd period - Shot by Andre Burakovsky.
7:41 of 2nd period - Shot Misses the Net.
7:51 of 2nd period - Shot by David Perron.
7:51 of 2nd period - Shot Misses the Net.
7:53 of 2nd period - Shot by Tom Wilson.
7:53 of 2nd period - Stopped by Kaapo Kahkonen without a rebound.
7:54 of 2nd period - Bo Horvat wins face-off versus Oskar Sundqvist in Coyotes zone.
7:54 of 2nd period - Tom Wilson is hit by Charlie McAvoy.
8:17 of 2nd period - Minor Penalty to Blake Coleman for Holding.
8:18 of 2nd period - Kevin Hayes wins face-off versus Dylan Larkin in Coyotes zone.
8:18 of 2nd period - Kevin Hayes is hit by Dylan Larkin.
8:35 of 2nd period - Dylan Larkin is hit by Sean Durzi and loses puck.
9:43 of 2nd period - Icing by Jaccob Slavin.
9:44 of 2nd period - Kevin Hayes wins face-off versus Dylan Larkin in Flames zone.
9:49 of 2nd period - Shot by Kevin Hayes.
9:49 of 2nd period - Stopped by Philipp Grubauer without a rebound.
9:50 of 2nd period - Bo Horvat wins face-off versus Kevin Hayes in Flames zone.
9:50 of 2nd period - Pavel Buchnevich is hit by Ilya Mikheyev and loses puck.
11:53 of 2nd period - Shot by Kirill Kaprizov.
11:53 of 2nd period - Deflect By Nikita Kucherov.
11:53 of 2nd period - Shot Misses the Net.
11:59 of 2nd period - Shot by Kirill Kaprizov.
11:59 of 2nd period - Goal by Kirill Kaprizov - Coyotes : 4 - Flames : 2.
12:00 of 2nd period - Dylan Larkin wins face-off versus Ilya Mikheyev in neutral zone.
12:13 of 2nd period - Shot by Jason Robertson.
12:13 of 2nd period - Shot Misses the Net.
12:19 of 2nd period - Shot by Jason Robertson.
12:19 of 2nd period - Shot Blocked by Sean Durzi.
12:21 of 2nd period - Shot by Logan Stanley.
12:21 of 2nd period - Shot Misses the Net.
12:36 of 2nd period - Kevin Hayes is hit by Logan Stanley and loses puck.
12:48 of 2nd period - Icing by Sean Durzi.
12:49 of 2nd period - Kevin Hayes wins face-off versus David Perron in Coyotes zone.
13:19 of 2nd period - Off-side.
13:20 of 2nd period - Barclay Goodrow wins face-off versus Phillip Danault in neutral zone.
13:25 of 2nd period - Shot by Blake Coleman.
13:25 of 2nd period - Goal by Blake Coleman - Coyotes : 5 - Flames : 2.
13:26 of 2nd period - Barclay Goodrow wins face-off versus Phillip Danault in neutral zone.
13:56 of 2nd period - Shot by Oskar Sundqvist.
13:56 of 2nd period - Shot Misses the Net.
14:56 of 2nd period - Kirill Kaprizov is hit by Danny DeKeyser and loses puck.
15:24 of 2nd period - Shot by Logan Stanley.
15:24 of 2nd period - Shot Misses the Net.
15:36 of 2nd period - Shot by Pavel Buchnevich.
15:36 of 2nd period - Stopped by Kaapo Kahkonen without a rebound.
15:37 of 2nd period - Leon Draisaitl wins face-off versus Adam Lowry in Coyotes zone.
15:50 of 2nd period - Shot by Matthew Nieto.
15:50 of 2nd period - Deflect By Adam Lowry.
15:50 of 2nd period - Stopped by Kaapo Kahkonen without a rebound.
15:51 of 2nd period - Nico Sturm wins face-off versus Phillip Danault in Coyotes zone.
15:56 of 2nd period - Shot by Phillip Danault.
15:56 of 2nd period - Shot Misses the Net.
15:58 of 2nd period - Shot by Marc Staal.
15:58 of 2nd period - Stopped by Kaapo Kahkonen without a rebound.
15:59 of 2nd period - Leon Draisaitl wins face-off versus Dylan Larkin in Coyotes zone.
16:21 of 2nd period - Icing by Devon Toews.
16:22 of 2nd period - Barclay Goodrow wins face-off versus Dylan Larkin in Flames zone.
16:22 of 2nd period - Barclay Goodrow is hit by Logan Stanley.
16:29 of 2nd period - Libor Hajek is hit by Dylan Larkin and loses puck.
17:15 of 2nd period - Marc Staal is hit by Oskar Sundqvist.
17:29 of 2nd period - Cody Ceci is hit by Tom Wilson and loses puck.
18:33 of 2nd period - Shot by Rasmus Asplund.
18:33 of 2nd period - Shot Blocked by Cody Ceci.
18:35 of 2nd period - Shot by Matthew Nieto.
18:35 of 2nd period - Stopped by Kaapo Kahkonen with a rebound.
18:52 of 2nd period - Shot by Adam Lowry.
18:52 of 2nd period - Stopped by Kaapo Kahkonen without a rebound.
18:53 of 2nd period - Leon Draisaitl wins face-off versus Dylan Larkin in Coyotes zone.
19:56 of 2nd period - Shot by David Perron.
19:56 of 2nd period - Stopped by Kaapo Kahkonen with a rebound.
19:58 of 2nd period - Shot by Jaccob Slavin.
19:58 of 2nd period - Stopped by Kaapo Kahkonen without a rebound.
19:59 of 2nd period - Nico Sturm wins face-off versus Bryan Rust in Coyotes zone.
Goals for this period are 2 for Coyotes vs 1 for Flames.
Shots for this period are 8 for Coyotes vs 14 for Flames.

3rd period


0:01 of 3rd period - Bo Horvat wins face-off versus Nikita Kucherov in neutral zone.
0:12 of 3rd period - Shot by David Perron.
0:12 of 3rd period - Shot Misses the Net.
0:30 of 3rd period - Shot by Bo Horvat.
0:30 of 3rd period - Shot Blocked by Cody Ceci.
0:32 of 3rd period - Shot by David Perron.
0:32 of 3rd period - Shot Misses the Net.
0:36 of 3rd period - Shot by Bo Horvat.
0:36 of 3rd period - Shot Misses the Net.
0:47 of 3rd period - Icing by Cody Ceci.
0:48 of 3rd period - Pierre-Luc Dubois wins face-off versus Pavel Buchnevich in Coyotes zone.
0:56 of 3rd period - Shot by Pavel Buchnevich.
0:56 of 3rd period - Stopped by Kaapo Kahkonen without a rebound.
0:57 of 3rd period - Dylan Larkin wins face-off versus Leon Draisaitl in Coyotes zone.
1:10 of 3rd period - Shot by Jason Robertson.
1:10 of 3rd period - Shot Blocked by Leon Draisaitl.
1:12 of 3rd period - Shot by Jaccob Slavin.
1:12 of 3rd period - Shot Misses the Net.
1:14 of 3rd period - Shot by Jaccob Slavin.
1:14 of 3rd period - Stopped by Kaapo Kahkonen with a rebound.
1:16 of 3rd period - Shot by Danny DeKeyser.
1:16 of 3rd period - Shot Blocked by Sean Durzi.
1:18 of 3rd period - Shot by Jason Robertson.
1:18 of 3rd period - Stopped by Kaapo Kahkonen without a rebound.
1:19 of 3rd period - Phillip Danault wins face-off versus Nico Sturm in Coyotes zone.
1:30 of 3rd period - Shot by Jesper Fast.
1:30 of 3rd period - Shot Misses the Net.
1:32 of 3rd period - Shot by Riley Sheahan.
1:32 of 3rd period - Stopped by Philipp Grubauer without a rebound.
1:33 of 3rd period - Leon Draisaitl wins face-off versus Bo Horvat in Flames zone.
1:33 of 3rd period - Leon Draisaitl is hit by Danny DeKeyser.
1:55 of 3rd period - Shot by Leon Draisaitl.
1:55 of 3rd period - Stopped by Philipp Grubauer without a rebound.
1:56 of 3rd period - Pierre-Luc Dubois wins face-off versus Dylan Larkin in Flames zone.
1:57 of 3rd period - Shot by Kirill Kaprizov.
1:57 of 3rd period - Stopped by Philipp Grubauer without a rebound.
1:58 of 3rd period - Pierre-Luc Dubois wins face-off versus Jason Robertson in Flames zone.
1:59 of 3rd period - Shot by Kirill Kaprizov.
1:59 of 3rd period - Stopped by Philipp Grubauer without a rebound.
2:00 of 3rd period - Pierre-Luc Dubois wins face-off versus Bo Horvat in Flames zone.
2:07 of 3rd period - Shot by Nikita Kucherov.
2:07 of 3rd period - Goal by Nikita Kucherov - Coyotes : 6 - Flames : 2.
2:07 of 3rd period - Casey DeSmith enters game.
2:08 of 3rd period - Pierre-Luc Dubois wins face-off versus Dylan Larkin in neutral zone.
2:34 of 3rd period - Shot by Jason Robertson.
2:34 of 3rd period - Shot Misses the Net.
3:02 of 3rd period - Shot by Tom Wilson.
3:02 of 3rd period - Shot Misses the Net.
3:10 of 3rd period - Shot by Bo Horvat.
3:10 of 3rd period - Stopped by Kaapo Kahkonen without a rebound.
3:11 of 3rd period - Leon Draisaitl wins face-off versus Phillip Danault in Coyotes zone.
3:31 of 3rd period - Phillip Danault is hit by Sean Durzi and loses puck.
4:12 of 3rd period - Shot by Bo Horvat.
4:12 of 3rd period - Stopped by Kaapo Kahkonen without a rebound.
4:13 of 3rd period - Dylan Larkin wins face-off versus Barclay Goodrow in Coyotes zone.
4:22 of 3rd period - Shot by Dylan Larkin.
4:22 of 3rd period - Stopped by Kaapo Kahkonen without a rebound.
4:23 of 3rd period - Bo Horvat wins face-off versus Nico Sturm in Coyotes zone.
4:30 of 3rd period - Shot by David Perron.
4:30 of 3rd period - Stopped by Kaapo Kahkonen without a rebound.
4:31 of 3rd period - Pierre-Luc Dubois wins face-off versus Bo Horvat in Coyotes zone.
4:31 of 3rd period - Pierre-Luc Dubois is hit by Tom Wilson.
5:03 of 3rd period - Cody Ceci is hit by Bo Horvat and loses puck.
5:08 of 3rd period - Shot by David Perron.
5:08 of 3rd period - Shot Misses the Net.
5:10 of 3rd period - Shot by Brady Skjei.
5:10 of 3rd period - Shot Misses the Net.
5:21 of 3rd period - Icing by Kirill Kaprizov.
5:22 of 3rd period - Pierre-Luc Dubois wins face-off versus Dylan Larkin in Coyotes zone.
5:30 of 3rd period - Dylan Larkin is hit by Charlie McAvoy and loses puck.
5:52 of 3rd period - Dylan Larkin is hit by Cody Ceci and loses puck.
5:57 of 3rd period - Shot by Jason Robertson.
5:57 of 3rd period - Shot Misses the Net.
7:27 of 3rd period - Shot by Barclay Goodrow.
7:27 of 3rd period - Stopped by Casey DeSmith without a rebound.
7:28 of 3rd period - Bo Horvat wins face-off versus Nico Sturm in Flames zone.
7:37 of 3rd period - Shot by Tom Wilson.
7:37 of 3rd period - Stopped by Kaapo Kahkonen without a rebound.
7:38 of 3rd period - Dylan Larkin wins face-off versus Nico Sturm in Coyotes zone.
8:14 of 3rd period - Icing by Riley Sheahan.
8:15 of 3rd period - Nico Sturm wins face-off versus David Perron in Coyotes zone.
8:37 of 3rd period - Shot by Kevin Hayes.
8:37 of 3rd period - Shot Misses the Net.
8:55 of 3rd period - Shot by Leon Draisaitl.
8:55 of 3rd period - Shot Misses the Net.
9:15 of 3rd period - Shot by Matthew Nieto.
9:15 of 3rd period - Stopped by Kaapo Kahkonen with a rebound.
9:17 of 3rd period - Shot by Rasmus Asplund.
9:17 of 3rd period - Stopped by Kaapo Kahkonen without a rebound.
9:18 of 3rd period - Pierre-Luc Dubois wins face-off versus Dylan Larkin in Coyotes zone.
10:24 of 3rd period - Shot by Blake Coleman.
10:24 of 3rd period - Shot Misses the Net.
10:45 of 3rd period - Barclay Goodrow is hit by Phillip Danault and loses puck.
11:19 of 3rd period - Shot by Bo Horvat.
11:19 of 3rd period - Stopped by Kaapo Kahkonen with a rebound.
11:21 of 3rd period - Shot by Marc Staal.
11:21 of 3rd period - Stopped by Kaapo Kahkonen without a rebound.
11:22 of 3rd period - Nico Sturm wins face-off versus Matthew Nieto in Coyotes zone.
11:22 of 3rd period - Nico Sturm is hit by Adam Lowry.
11:45 of 3rd period - Minor Penalty to Brady Skjei for Hooking.
11:46 of 3rd period - Pierre-Luc Dubois wins face-off versus Phillip Danault in Flames zone.
11:51 of 3rd period - Shot by Kevin Hayes.
11:51 of 3rd period - Stopped by Casey DeSmith without a rebound.
11:52 of 3rd period - Phillip Danault wins face-off versus Pierre-Luc Dubois in Flames zone.
11:57 of 3rd period - Shot by Nikita Kucherov.
11:57 of 3rd period - Stopped by Casey DeSmith without a rebound.
11:58 of 3rd period - Pierre-Luc Dubois wins face-off versus Matthew Nieto in Flames zone.
11:59 of 3rd period - Shot by Thomas Chabot.
11:59 of 3rd period - Stopped by Casey DeSmith with a rebound.
12:19 of 3rd period - Shot by Kevin Hayes.
12:19 of 3rd period - Shot Misses the Net.
13:23 of 3rd period - Shot by Ilya Mikheyev.
13:23 of 3rd period - Deflect By Kirill Kaprizov.
13:23 of 3rd period - Shot Blocked by Pavel Buchnevich.
14:12 of 3rd period - Barclay Goodrow is hit by Brady Skjei and loses puck.
16:00 of 3rd period - Marc Staal is hit by Slater Koekkoek and loses puck.
16:24 of 3rd period - Icing by Bryan Rust.
16:25 of 3rd period - Phillip Danault wins face-off versus Barclay Goodrow in Flames zone.
16:30 of 3rd period - Shot by Marc Staal.
16:30 of 3rd period - Shot Misses the Net.
16:36 of 3rd period - Shot by Bryan Rust.
16:36 of 3rd period - Shot Misses the Net.
16:38 of 3rd period - Shot by Brady Skjei.
16:38 of 3rd period - Shot Misses the Net.
16:40 of 3rd period - Shot by Phillip Danault.
16:40 of 3rd period - Shot Blocked by Sean Durzi.
17:06 of 3rd period - Shot by Rasmus Asplund.
17:06 of 3rd period - Stopped by Kaapo Kahkonen without a rebound.
17:07 of 3rd period - Pierre-Luc Dubois wins face-off versus Bo Horvat in Coyotes zone.
17:21 of 3rd period - Shot by Nikita Kucherov.
17:21 of 3rd period - Stopped by Casey DeSmith without a rebound.
17:22 of 3rd period - Adam Lowry wins face-off versus Leon Draisaitl in Flames zone.
17:40 of 3rd period - Shot by Matthew Nieto.
17:40 of 3rd period - Shot Blocked by Cody Ceci.
17:44 of 3rd period - Shot by Adam Lowry.
17:44 of 3rd period - Shot Blocked by Cody Ceci.
17:46 of 3rd period - Shot by Matthew Nieto.
17:46 of 3rd period - Stopped by Kaapo Kahkonen with a rebound.
17:48 of 3rd period - Shot by Devon Toews.
17:48 of 3rd period - Shot Blocked by Cody Ceci.
17:50 of 3rd period - Shot by Rasmus Asplund.
17:50 of 3rd period - Stopped by Kaapo Kahkonen without a rebound.
17:51 of 3rd period - Bo Horvat wins face-off versus Pierre-Luc Dubois in Coyotes zone.
17:59 of 3rd period - Tom Wilson is hit by Slater Koekkoek and loses puck.
18:02 of 3rd period - Shot by Tom Wilson.
18:02 of 3rd period - Stopped by Kaapo Kahkonen with a rebound.
18:04 of 3rd period - Shot by Danny DeKeyser.
18:04 of 3rd period - Stopped by Kaapo Kahkonen with a rebound.
18:06 of 3rd period - Shot by Jaccob Slavin.
18:06 of 3rd period - Shot Blocked by Slater Koekkoek.
18:08 of 3rd period - Shot by Bo Horvat.
18:08 of 3rd period - Shot Misses the Net.
18:10 of 3rd period - Shot by Jaccob Slavin.
18:10 of 3rd period - Shot Misses the Net.
18:21 of 3rd period - Shot by Tom Wilson.
18:21 of 3rd period - Stopped by Kaapo Kahkonen without a rebound.
18:22 of 3rd period - Leon Draisaitl wins face-off versus Pavel Buchnevich in Coyotes zone.
18:28 of 3rd period - Minor Penalty to Marc Staal for Roughing.
18:29 of 3rd period - Leon Draisaitl wins face-off versus Phillip Danault in Flames zone.
19:00 of 3rd period - Shot by Leon Draisaitl.
19:00 of 3rd period - Stopped by Casey DeSmith with a rebound.
19:02 of 3rd period - Shot by Ilya Mikheyev.
19:02 of 3rd period - Stopped by Casey DeSmith without a rebound.
19:03 of 3rd period - Pierre-Luc Dubois wins face-off versus Phillip Danault in Flames zone.
19:04 of 3rd period - Shot by Nikita Kucherov.
19:04 of 3rd period - Shot Misses the Net.
19:06 of 3rd period - Shot by Nikita Kucherov.
19:06 of 3rd period - Shot Misses the Net.
19:08 of 3rd period - Shot by Cody Ceci.
19:08 of 3rd period - Shot Misses the Net.
19:10 of 3rd period - Shot by Cody Ceci.
19:10 of 3rd period - Stopped by Casey DeSmith with a rebound.
19:12 of 3rd period - Shot by Thomas Chabot.
19:12 of 3rd period - Stopped by Casey DeSmith without a rebound.
19:13 of 3rd period - Phillip Danault wins face-off versus Pierre-Luc Dubois in Flames zone.
19:27 of 3rd period - Icing by Cody Ceci.
19:28 of 3rd period - Phillip Danault wins face-off versus Pierre-Luc Dubois in Coyotes zone.
19:41 of 3rd period - Matthew Nieto is hit by Pierre-Luc Dubois and loses puck.
19:58 of 3rd period - Shot by Pierre-Luc Dubois.
19:58 of 3rd period - Shot Misses the Net.
Goals for this period are 1 for Coyotes vs 0 for Flames.
Shots for this period are 14 for Coyotes vs 18 for Flames.




Output by the SimonT Hockey Simulator (STHS) for Tyler Bell - Original Page W3C HTML5 Valid
Hockey Simulator - Hockey Simulation - Hockey Manager